 Dungeon Crawl Stone Soup version 0.28-a0-1233-g92def6ad0a (webtiles) character file.

Game seed: 11318147000456103454

356 MacCMillion the Summoner (level 6, 24/24 HPs)
             Began as a Felid Summoner on Dec 23, 2021.
             Was an Initiate of Gozag.
             Quit the game on level 6 of the Dungeon.
             The game lasted 00:31:41 (7757 turns).

MacCMillion the Summoner (Felid Summoner)           Turns: 7757, Time: 00:31:42

Health: 24/24      AC:  2    Str:  4    XL:     6   Next: 36%
Magic:  13/13      EV: 17    Int: 18    God:    Gozag
Gold:   375        SH:  0    Dex: 17    Spells: 0/13 levels left
                                        Lives:  0   Deaths: 2

rFire   . . .      SeeInvis +   (weapon unavailable)
rCold   . . .      Faith    .   (shield unavailable)
rNeg    . . .      Spirit   .   (armour unavailable)
rPois   .          Reflect  .   (helmet unavailable)
rElec   .          Harm     .   (cloak unavailable)
rCorr   .          Rampage  .   (gloves unavailable)
Will    .....                   (boots unavailable)
Stlth   ++........              (no amulet)
HPRegen 0.08/turn               (no ring)
MPRegen 0.13/turn               (no ring)

@: quick
A: very small, claws 1, fangs 3, see invisible, speed 1, shaggy fur 2, stealthy
paws, no weapons or thrown items, no armour, multi-lived
a: Renounce Religion, Potion Petition, Call Merchant, Bribe Branch


You were on level 6 of the Dungeon.
You worshipped Gozag.
Gozag was aware of your devotion.
You visited 2 branches of the dungeon, and saw 7 of its levels.

You collected 428 gold pieces.
You paid 53 gold pieces to Gozag.

Inventory:

Wands
 j - a wand of polymorph (9)
 k - a wand of paralysis (6)
Scrolls
 b - 4 scrolls of fog {unknown}
 c - a scroll of enchant weapon {unknown}
 d - a scroll of acquirement {unknown}
 f - 6 scrolls of identify {unknown}
 h - 2 scrolls of teleportation {unknown}
 i - 2 scrolls of amnesia {unknown}
Potions
 a - 2 potions of lignification {unknown}
 e - 2 potions of curing {unknown}
 g - 2 potions of mutation {unknown}


   Skills:
 - Level 2.9 Dodging
 - Level 3.0 Stealth
 - Level 4.0 Spellcasting
 - Level 5.0 Hexes
 + Level 8.1 Summonings
 + Level 3.6 Air Magic


You couldn't memorise any spells.
You knew the following spells:

 Your Spells              Type           Power      Damage    Failure   Level
a - Summon Small Mammal   Summ           100%       N/A       1%          1
b - Call Imp              Summ           33%        N/A       1%          2
c - Call Canine Familiar  Summ           33%        N/A       1%          3
d - Summon Guardian Gole  Hex/Summ       27%        N/A       3%          3
e - Summon Lightning Spi  Summ/Air       24%        N/A       13%         4

Your spell library contained the following spells:

 Spells                   Type           Power      Damage    Failure   Level
 Dazzling Flash           Conj/Hex       24%        N/A       16%         3
 Ozocubu's Armour         Ice            3%         N/A       41%         3
 Iskenderun's Mystic Bla  Conj/Tloc      3%         2d3       82%         4
 Starburst                Conj/Fire      1%         6d3       100%        6
 Ozocubu's Refrigeration  Ice            1%         4d5       100%        7


Dungeon Overview and Level Annotations

Branches:
Dungeon (6/15)             Temple (1/1) D:4

Altars:
Ashenzari
Cheibriados
Dithmenos
Elyvilon
Gozag
Hepliaklqana
Kikubaaqudgha
Makhleb
Okawaru
Ru
Trog
Uskayaw
Vehumet
Wu Jian
Yredelemnul
Zin
The Shining One

Shops:
D:1 [**   D:4 [   D:6 *

Annotations:
D:2 1 runed translucent door, Crazy Yiuf
D:4 Natasha


Innate Abilities, Weirdness & Mutations

You have sharp claws.
You have razor-sharp teeth.
You have supernaturally acute eyesight. (SInv)
You cover ground quickly. (Speed+)
You are covered in thick fur. (AC +2)
Your paws help you pounce on unaware monsters.
You are incapable of wielding weapons or throwing items.
You cannot wear armour.
You gain extra lives every three experience levels.


Message History

Something closely misses your crimson imp.
You swap places.
The centaur misses your hound. The centaur barely misses your hound.
The centaur wields a +0 shortbow.
The centaur shoots an arrow.
The arrow hits your hound!
The centaur shoots an arrow.
The arrow hits your hound!
Your hound dies!
Your hound's corpse disappears in a puff of smoke!
You swap places.
Your crimson imp hits the centaur but does no damage.
What are your orders? t - Meow!
Orders for allies: a - Attack new target. r - Retreat! s - Stop attacking. g - Guard the area. f - Follow me.
Anything else - Cancel.
Gang up on whom?
Press: ? - help, Dir - move target, f - centaur
Aim: a centaur, wielding a +0 shortbow and quivering arrows (ally target) Attack!
The centaur shoots an arrow.
The arrow hits your crimson imp!
Your guardian golem overheats!
The centaur shoots an arrow.
The arrow misses your crimson imp. The arrow hits you.
Your crimson imp barely misses the centaur.
The centaur shoots an arrow.
The arrow hits your crimson imp!
Your crimson imp dies!
Your crimson imp disappears in a puff of smoke!
Flame seeps out of your guardian golem.
Your guardian golem is engulfed in blazing flames.
Flame seeps out of your guardian golem.
The centaur shoots an arrow.
The arrow hits you!
* * * LOW HITPOINT WARNING * * *
The centaur shoots an arrow.
The arrow hits you!
You die...
Your guardian golem is engulfed in blazing flames.
Flame seeps out of your guardian golem.
You are now level 6!
You rejoin the land of the living...
Unknown command.
Unknown command.
Are you sure you want to abandon this character and quit the game? (Confirm with "yes".)

### ###### ### #.# #.##.#
#.# #.##########.##.# #.#
#............@..# #.#
#.##########....# #..
####.............#.######
#####.#
........................#
#......
##......#######..#.#....#
#.###.#
##......#######..#.#..∩.#
#.# #.#
##......#........#.#....#
#.# #.#
#.......####.##.........#
#.# #.#
####.#######.##..#.#....#
#.# #.#


There were no monsters in sight!

Vanquished Creatures
  A hound skeleton (D:4)
  A bat (D:1)
2 creatures vanquished.

Vanquished Creatures (collateral kills)
  Eustachio (D:4)
  2 black bears (D:4)
  A scorpion (D:6)
  A howler monkey (D:4)
  A bullfrog zombie (D:6)
  A jelly (D:6)
  2 bullfrog skeletons (D:5)
  3 hounds
  A hound zombie (D:5)
  2 hound skeletons
  6 gnolls
  8 adders
  A shadow imp (D:6)
  A nameless horror (D:4)
  An ufetubus (D:5)
  2 worms
  3 dart slugs
  6 orcs
  4 bats
  5 endoplasms
  2 giant cockroaches
  11 goblins
  5 hobgoblins
  5 jackals
  4 quokkas
  5 ball pythons
  5 frilled lizards
  5 kobolds
  3 rats
97 creatures vanquished.

Vanquished Creatures (others)
  Grinder (D:5)
  Edmund (D:5)
  A worm (D:5)
  5 toadstools (D:2)
8 creatures vanquished.

Grand Total: 107 creatures vanquished

Notes
Turn   | Place    | Note
-------+----------+-------------------------------------------
     0 | D:1      | MacCMillion the Felid Summoner began the quest for the Orb.
     0 | D:1      | Reached XP level 1. HP: 7/7 MP: 4/4
   122 | D:1      | Found Veimeoli's General Store.
   325 | D:1      | Reached XP level 2. HP: 11/11 MP: 3/6
   455 | D:1      | Found a faded altar of an unknown god.
   699 | D:1      | Found Loecvaun's Antique Armour Boutique.
   770 | D:1      | Found Sikaiwom's General Store.
   981 | D:1      | Learned a level 2 spell: Call Imp
  1151 | D:2      | Found a runed translucent door.
  1152 | D:2      | Noticed Crazy Yiuf
  1605 | D:2      | Reached XP level 3. HP: 14/14 MP: 4/7
  2589 | D:3      | Reached XP level 4. HP: 12/18 MP: 5/9
  2593 | D:3      | Learned a level 3 spell: Call Canine Familiar
  2597 | D:3      | Learned a level 3 spell: Summon Guardian Golem
  2712 | D:3      | Reached skill level 1 in Hexes
  2712 | D:3      | Reached skill level 5 in Summonings
  2821 | D:3      | Found a hide-covered altar of Uskayaw.
  3208 | D:3      | Reached XP level 5. HP: 21/21 MP: 4/10
  3704 | D:4      | Noticed Eustachio
  4480 | D:4      | Noticed Natasha
  4527 | D:4      | Noticed a black bear
  4756 | D:4      | Killed a black bear
  4757 | D:4      | Gained mutation: You are covered in thick fur. (AC +2)
                  | [Felid growth]
  4757 | D:4      | Reached XP level 6. HP: 22/24 MP: 8/12
  4877 | D:4      | Killed Eustachio
  4878 | D:4      | Reached skill level 6 in Summonings
  4968 | D:4      | Reached skill level 5 in Hexes
  4968 | D:4      | Reached XP level 7. HP: 27/27 MP: 11/14
  5002 | D:4      | Found a staircase to the Ecumenical Temple.
  5010 | Temple   | Entered the Ecumenical Temple
  5165 | Temple   | Became a worshipper of Gozag Ym Sagoz the Greedy
  5315 | D:4      | Found Cudanim's Armour Boutique.
  5336 | D:4      | Learned a level 4 spell: Summon Lightning Spire
  5705 | D:5      | Entered Level 5 of the Dungeon
  5782 | D:5      | Noticed Edmund
  5816 | D:5      | Killed Edmund
  5817 | D:5      | Reached skill level 7 in Summonings
  5817 | D:5      | Reached skill level 1 in Air Magic
  5903 | D:5      | Noticed Grinder
  5951 | D:5      | Killed Grinder
  6050 | D:5      | Reached XP level 8. HP: 31/31 MP: 12/15
  6200 | D:5      | Identified the +3 hunting sling "Demuen" {flame, rC+}
  6646 | D:5      | Killed from afar by a steam dragon
  6647 | D:5      | Reached XP level 7. HP: -3/27 MP: 9/14
  7311 | D:6      | Found Inuhunua's Assorted Antiques.
  7331 | D:6      | Reached skill level 8 in Summonings
  7756 | D:6      | Shot with an arrow by a centaur
  7757 | D:6      | Reached XP level 6. HP: -9/24 MP: 12/13
  7757 | D:6      | Quit the game

Illustrated notes

Levels and vault maps discovered:
D:1:      matt_arrival_los_fun, layout_loops_ring, serial_shops, shop,
          nicolae_shop_temple_entry_statues_fountains, shop,
          shapermc_ecumenical_altar_mp_ritualfount
D:2:      layout_loops_ring, minmay_gold_behind_fungi, uniq_crazy_yiuf_cottage
D:3:      layout_basic, mainiacjoe_overflow_tiny_flanked, grunt_ministairs_11
D:4:      layout_gridville, minmay_temple_entry_mini_moons,
          kennysheep_windowed_goal, uniq_natasha, uniq_eustachio
D:5:      layout_loops_ring, uniq_grinder, uniq_edmund
D:6:      layout_basic, serial_shops, shop, chequers_serial_rivers_room_b
Temple:   mainiacjoe_temple_hex_bubbles

Skill      XL: |  1  2  3  4  5  6  7  8 |
---------------+-------------------------+-----
Stealth        | 3 |  3.0
Spellcasting   | 3 4 |  4.0
Hexes          | 2 3 5 |  5.0
Summonings     | 5 6 8 |  8.1
Air Magic      | 2 3 |  3.6
Dodging        | |  2.9

Action                   |  1- 3 |  4- 6 |  7- 9 || total
-------------------------+-------+-------+-------++-------
Melee: Unarmed           |     1 |     1 |     4 ||     6
       Bite              |       |       |     1 ||     1
 Cast: Summon Small Mamm |    66 |    13 |     2 ||    81
       Call Imp          |    17 |    26 |     6 ||    49
       Call Canine Famil |       |    19 |    16 ||    35
       Summon Guardian G |       |     2 |    17 ||    19
Dodge: Dodged            |    27 |    27 |    10 ||    64

Table legend: (Time is in decaauts)
 A = Elapsed time spent in this place.
 B = Non-inter-level travel time spent in this place.
 C = Inter-level travel time spent in this place.
 D = Time resting spent in this place.
 E = Time spent auto-exploring this place.
 F = Levels seen in this place.
 G = Mean time per level.
                   A        B        C        D        E       F      G
               +--------+--------+--------+--------+--------+-----+--------+
         Total |   6879 |   6546 |    333 |   1046 |   3874 |   7 |  982.7 |
       Dungeon |   6743 |   6430 |    313 |   1046 |   3761 |   6 | 1123.8 |
        Temple |    136 |    116 |     20 |      0 |    113 |   1 |  136.0 |
               +--------+--------+--------+--------+--------+-----+--------+

Top non-repeatable levels by time:
     D:4: 1706 daAuts
     D:3: 1434 daAuts
     D:2: 1170 daAuts
     D:5: 902 daAuts
     D:1: 865 daAuts
     D:6: 665 daAuts
  Temple: 136 daAuts
